 Dungeon Crawl Stone Soup version 0.29.1-4-g47bece8355 (webtiles) character file.

Game seed: 3109385734542267680

261 ChadusMaximus the Caller (level 6, -1/41 HPs)
             Began as a Human Summoner on Dec 6, 2022.
             Succumbed to a scorpion's poison
             ... on level 4 of the Dungeon.
             The game lasted 00:08:45 (4988 turns).

ChadusMaximus the Caller (Human Summoner)           Turns: 4988, Time: 00:08:46

Health: -1/41      AC:  2    Str:  8    XL:     6   Next: 42%
Magic:  4/11       EV: 12    Int: 18    God:
Gold:   167        SH:  0    Dex: 13    Spells: 6/12 levels left

rFire   . . .      SeeInvis .   m - +0 spear (vamp)
rCold   . . .      Faith    .   (no shield)
rNeg    . . .      Spirit   .   a - +0 robe
rPois   .          Reflect  .   (no helmet)
rElec   .          Harm     .   (no cloak)
rCorr   .          Rampage  .   (no gloves)
Will    .....                   (no boots)
Stlth   ++........              (no amulet)
HPRegen 0.13/turn               (no ring)
MPRegen 0.12/turn               (no ring)

@: lethally poisoned (-1 -> -11)
A: no striking features
a: no special abilities


You were on level 4 of the Dungeon.
You visited 1 branch of the dungeon, and saw 5 of its levels.

You collected 167 gold pieces.

Inventory:

Hand Weapons
 f - a +0 short sword
 i - a +0 whip
 j - a +2 dagger of electrocution
 m - a +0 vampiric spear (weapon)
Armour
 a - a +0 robe (worn)
Jewellery
 c - a +6 ring of intelligence
 d - a ring of ice
Wands
 w - a wand of light (6)
Scrolls
 e - 2 scrolls of poison {unknown}
 h - a scroll of fog {unknown}
 k - a scroll of torment {unknown}
 l - a scroll of acquirement {unknown}
 n - 4 scrolls of fear {unknown}
 q - a scroll of blinking {unknown}
 t - a scroll of teleportation {unknown}
 u - 2 scrolls of noise {unknown}
 y - a scroll of vulnerability {unknown}
 z - a scroll of identify {unknown}
Potions
 b - a potion of magic
 g - a potion of might {unknown}
 o - 2 potions of flight {unknown}
 p - a potion of degeneration {unknown}
 r - 2 potions of heal wounds {unknown}
 s - a potion of attraction {unknown}
 v - a potion of ambrosia {unknown}
 x - a potion of mutation {unknown}


   Skills:
 - Level 2.4 Dodging
 - Level 2.4 Stealth
 + Level 3.5 Spellcasting
 * Level 6.0 Summonings


You had 6 spell levels left.
You knew the following spells:

 Your Spells              Type           Power      Damage    Failure   Level
a - Summon Small Mammal   Summ           100%       N/A       1%          1
b - Call Canine Familiar  Summ           25%        N/A       3%          3
c - Call Imp              Summ           25%        N/A       1%          2

Your spell library contained the following spells:

 Spells                   Type           Power      Damage    Failure   Level
 Summon Guardian Golem    Hex/Summ       14%        N/A       13%         3
 Summon Lightning Spire   Summ/Air       14%        N/A       41%         4
 Conjure Flame            Conj/Fire      3%         6-21      43%         3
 Ignite Poison            Fire/Tmut/Pois 3%         N/A       43%         3
 Sticky Flame             Conj/Fire      3%         2d3       83%         4


Dungeon Overview and Level Annotations

Branches:
Dungeon (5/15)
 Temple: D:4-7

Altars:
Dithmenos
Gozag
Kikubaaqudgha
Nemelex Xobeh
Zin

Shops:
D:1 :


Message History

Your hound bites the scorpion but does no damage.
The scorpion stings you.
You are poisoned.
The scorpion poisons you!
The howler monkey attacks as you move away!
The howler monkey hits you.
You feel very sick.
The howler monkey hoots and howls with incredible vigour!
Your hound bites the scorpion but does no damage.
The jelly hits your hound.
Your hound is splashed with acid!
The acid corrodes your hound!
Your rat bites the jelly.
Your rat is burned by acid!
You hear a shout!
You hear an angry hiss.
You hear a shout!
You hear an angry growl.
You hear a shout!
You open the door.
You feel very sick. The jelly misses your hound.
The scorpion closely misses you.
Your hound bites the howler monkey.
Your rat bites the jelly.
Your rat is burned by acid!
Your rat dies!
Your rat's corpse disappears in a puff of smoke!
The howler monkey barely misses you. The scorpion attacks as you move away!
The scorpion stings you!
You are lethally poisoned!
The scorpion poisons you!
You feel very sick.
Your hound barely misses the howler monkey.
The jelly closely misses your hound.
There is an open door here.
* * * LOW HITPOINT WARNING * * *
You feel very sick.
There is a stone staircase leading up here.
* * * LOW HITPOINT WARNING * * *
You feel very sick. The scorpion barely misses you.
Your hound bites the scorpion but does no damage.
The scorpion stings you.
* * * LOW HITPOINT WARNING * * *
You climb upwards.
You die...

######### ........#
#######.#
........#######
######.........
#.#######. ###.### #
####.....#####.####
#....#..........@s#
#.....<...#######.#
#....#.#>..# #.#
.....#.##<.# #.#
#...##.##..# #.#
##.###.##..######.##
##.###.............#
.....).##..######..#
##.###.##..### #..#


You could see a scorpion.

Vanquished Creatures
  An adder (D:2)
  An endoplasm (D:4)
  3 giant cockroaches
  A goblin (D:2)
  A kobold (D:2)
  A quokka (D:2)
  A ball python (D:2)
  2 bats
  A frilled lizard (D:1)
12 creatures vanquished.

Vanquished Creatures (collateral kills)
  A phantom (D:5)
  An iguana (D:5)
  An orc wizard (D:5)
  A gnoll (D:1)
  7 adders
  A worm (D:5)
  A dart slug (D:2)
  5 orcs
  2 ball pythons
  3 endoplasms
  2 goblins
  3 hobgoblins
  3 kobolds (D:2)
  A quokka (D:1)
  A bat (D:3)
  2 rats (D:1)
35 creatures vanquished.

Grand Total: 47 creatures vanquished

Notes
Turn   | Place    | Note
-------+----------+-------------------------------------------
     0 | D:1      | ChadusMaximus the Human Summoner began the quest for the
                  | Orb.
     0 | D:1      | Reached XP level 1. HP: 13/13 MP: 3/3
    54 | D:1      | Found Beurat's Vocational Training.
   512 | D:1      | Reached XP level 2. HP: 19/19 MP: 1/5
   767 | D:2      | Reached XP level 3. HP: 7/24 MP: 2/6
  1060 | D:2      | Learned a level 3 spell: Call Canine Familiar
  1227 | D:2      | Reached XP level 4. HP: 25/30 MP: 4/7
  2315 | D:1      | Reached skill level 5 in Summonings
  2463 | D:2      | Learned a level 2 spell: Call Imp
  2699 | D:3      | Found a shadowy altar of Dithmenos.
  2736 | D:3      | Reached XP level 5. HP: 35/35 MP: 6/9
  2846 | D:3      | Found a sparkling altar of Nemelex Xobeh.
  3159 | D:3      | Found an opulent altar of Gozag.
  3748 | D:5      | Entered Level 5 of the Dungeon
  4002 | D:5      | Noticed a phantom
  4036 | D:5      | Killed a phantom
  4037 | D:5      | Reached XP level 6. HP: 22/41 MP: 1/10
  4181 | D:5      | Found a glowing silver altar of Zin.
  4666 | D:5      | Found an ancient bone altar of Kikubaaqudgha.
  4731 | D:5      | Reached skill level 6 in Summonings
  4987 | D:5      | HP: 2/41 [scorpion (6)]
  4988 | D:4      | Succumbed to a scorpion's poison

Illustrated notes

Levels and vault maps discovered:
D:1:      psy_arrival_conway, layout_rooms, nicolae_shop_vocational
D:2:      layout_basic, nicolae_kite_square_tiling_tiny,
          chequers_serial_rivers_small_3
D:3:      layout_basic, general_overflow_altar, old_standard_altar,
          mainiacjoe_overflow_brackets
D:4:      layout_loops_ring, lemuel_crystal_altar, kennysheep_mini,
          kennysheep_orc_chapel, uniq_natasha
D:5:      layout_basic, lemuel_tele_altar, mainiacjoe_overflow_six_doors_small,
          minmay_bent

Skill      XL: |  1  2  3  4  5  6 |
---------------+-------------------+-----
Summonings     | 5 6 |  6.0
Spellcasting   | 3 |  3.5
Dodging        | |  2.4
Stealth        | |  2.4

Action                   |  1- 3 |  4- 6 || total
-------------------------+-------+-------++-------
Melee: Unarmed           |    33 |       ||    33
       Dagger            |    12 |       ||    12
       Spear             |       |    59 ||    59
 Cast: Summon Small Mamm |    32 |    16 ||    48
       Call Canine Famil |     2 |    23 ||    25
       Call Imp          |       |     4 ||     4
 Stab: Sleeping          |     1 |     2 ||     3
       Distracted        |     1 |     1 ||     2
Armor: Robe              |    12 |     6 ||    18
Dodge: Dodged            |    44 |    28 ||    72
